 Dungeon Crawl Stone Soup version 0.17.2-1-ge4368a0 (webtiles) character file.

8299 Ladykiller69 the Cleaver (level 11, -12/89 HPs)
             Began as a Formicid Fighter on Sept 19, 2016.
             Was a High Priest of Cheibriados.
             Killed from afar by a hill giant (42 damage)
             ... with an exploding inner flame
             ... hexed by the player character
             ... on level 15 of the Dungeon.
             The game lasted 00:35:28 (11371 turns).

Ladykiller69 the Cleaver (Formicid Fighter)        Turns: 11371, Time: 00:35:28

Health: -12/89     AC: 18    Str: 47    XL:     11   Next: 53%
Magic:  11/11      EV:  5    Int: 20    God:    Cheibriados [*****.]
Gold:   529        SH: 11    Dex: 23    Spells: 0 memorised, 10 levels left

rFire  . . .     SeeInvis +     a - +0 war axe
rCold  . . .     Clarity  .     o - +0 plate armour
rNeg   . . .     SustAt   .     c - +0 shield
rPois  .         Gourm    .     (helmet unavailable)
rElec  .         Spirit   .     m - +1 cloak
rCorr  .         Warding  .     C - +0 pair of gloves
rMut   +         Stasis   +     S - +0 pair of boots
MR     +....                    I - amulet of resist mutation
Stlth  ..........               n - +4 ring of strength
                                j - +4 ring of protection

@: mighty, very heavily drained, very slow, somewhat resistant to hostile
enchantments, extremely unstealthy
A: permanent stasis, dig shafts and tunnels, four strong arms, antennae 3
a: Dig, Shaft Self, Bend Time, Temporal Distortion, Slouch, Step From Time,
Renounce Religion


You were on level 15 of the Dungeon.
You worshipped Cheibriados.
Cheibriados was extremely pleased with you.
You were hungry.

You visited 2 branches of the dungeon, and saw 16 of its levels.
You also visited: Ossuary.

You collected 529 gold pieces.

Inventory:

Hand Weapons
 a - a +0 war axe (weapon)
Missiles
 D - 4 throwing nets
 P - 8 tomahawks (quivered)
Armour
 c - a +0 shield (worn)
 m - a +1 cloak (worn)
 o - a +0 plate armour (worn)
 C - a +0 pair of gloves (worn)
 S - a +0 pair of boots (worn)
Jewellery
 j - a +4 ring of protection (left hand)
 n - a +4 ring of strength (right hand)
 y - an uncursed ring of invisibility
 I - an amulet of resist mutation (around neck)
 W - an uncursed amulet of resist corrosion {unknown}
 X - an uncursed amulet of warding {unknown}
 Y - an uncursed ring of wizardry {unknown}
Wands
 z - a wand of random effects (29)
 A - a wand of disintegration (14)
 H - a wand of polymorph (13)
 R - a wand of paralysis (8)
 V - a wand of enslavement (10)
 Z - a wand of hasting (3)
Scrolls
 f - 4 scrolls of amnesia
 h - 2 scrolls of immolation
 l - 6 scrolls of remove curse
 p - 14 scrolls of identify {unknown}
 G - a scroll of random uselessness {unknown}
 J - 4 scrolls of teleportation {unknown}
 K - a scroll of enchant weapon {unknown}
 L - 2 scrolls of enchant armour {unknown}
 N - a scroll of recharging {unknown}
 Q - 2 scrolls of fog {unknown}
Potions
 d - a potion of might
 g - a potion of beneficial mutation {unknown}
 i - 2 potions of haste
 k - 2 potions of invisibility
 q - 2 potions of poison {unknown}
 s - a potion of agility {unknown}
 t - 2 potions of degeneration {unknown}
 v - 7 potions of curing
 w - 3 potions of cancellation {unknown}
 F - 5 potions of mutation {unknown}
 U - a potion of berserk rage {unknown}
Books
 T - a book of Fire

   Spells                             Type                      Level
   a - Ignite Poison                  Fire/Transmutation/Poison    3
   b - Fireball                       Conjuration/Fire             5
   c - Bolt of Fire                   Conjuration/Fire             6
   d - Delayed Fireball               Conjuration/Fire             7
   e - Ring of Flames                 Charms/Fire                  7
Miscellaneous
 O - a lamp of fire
Comestibles
 e - 6 bread rations
 B - 3 meat rations
 M - 6 fruits


   Skills:
 - Level 9.1(0.0) Fighting
 * Level 13.3(0.0) Axes
 - Level 4.0(0.0) Armour
 - Level 9.0(0.0) Shields


You had 10 spell levels left.
You didn't know any spells.

Dungeon Overview and Level Annotations

Branches:
Dungeon (15/15)            Temple (1/1) D:4            Lair (0/8) D:8
 Depths (0/5) D:15
    Orc: D:9-12      Vaults: D:13-14

Altars:
Ashenzari
Cheibriados
Dithmenos
Elyvilon
Fedhas
Gozag
Kikubaaqudgha
Makhleb
Nemelex Xobeh
Okawaru
Qazlal
Ru
Sif Muna
Trog
Vehumet
Xom
Yredelemnul
Zin
The Shining One

Shops:
D:8 :

Annotations:
D:4 Goblin1989's ghost, amateur DsMo
D:5 Prince Ribbit
D:10 Sonja


Innate Abilities, Weirdness & Mutations

You are under a permanent stasis effect.
You can dig through walls and to a lower floor.
Your four strong arms can wield two-handed weapons with a shield.
You have a pair of large antennae on your head (SInv).


Message History

The hill giant hits you with a giant club!!
* * * LOW HITPOINT WARNING * * *
Drink which item? (? for menu, Esc to quit)
You feel much better. The hill giant barely misses you.
Drink which item? (? for menu, Esc to quit)
You feel better. The hill giant barely misses you.
You completely miss the hill giant.
The hill giant is moderately wounded.
You block the hill giant's attack.
You slice the hill giant!!
The hill giant is severely wounded.
You block the hill giant's attack.
You slash the hill giant!
The hill giant is almost dead.
The hill giant hits you but does no damage.
You block the hill giant's attack.
You slash the hill giant!
The hill giant explodes!
The fiery explosion engulfs you!
You die...

*,*,****,*,,,,,** *,
*,,,,,,,,,,,,,,,** *,
**,,,****,,,,,,,,.****,
*,,,,,,,+,,,,,,,..+,,,,
**,,,****,,,,,,{..**,*,
**,,* **,,,,c..#**,*,
**,*#####,,...#* *,*,
*,##ยง#{##cc.###**,*,
*,#@#c#).c.....,*,*,
*,#####.##.####,*,*, *****,*
#.#*c** *,*,,,
*,,,,,****#{#*,,***,***,
*,*****,,,..C,,*{,,,,,,,
*****,*****,**#..,***,*,****
*,,,,,,,,**,* #..** **,,*
*,***,**,**,**#.## **,* *,*
*,,,,,,,,,,,,** **,,*


There were no monsters in sight!

Vanquished Creatures
  Pikel (D:8)
  A hill giant (D:10)
  Maurice (D:8)
  Joseph (D:8)
  A gargoyle (D:13)
  Psyche (D:8)
  A wraith (D:15)
  6 yaks
  A deep elf fighter (D:8)
  3 hippogriffs
  A wyvern (D:9)
  A soldier ant (D:15)
  A deep elf mage (D:9)
  2 black bears (D:7)
  2 sky beasts (D:7)
  An ice beast (D:8)
  5 ogres
  An orc warrior (D:7)
  3 phantoms
  3 crocodiles
  A necrophage (D:6)
  A centaur (D:7)
  5 giant frogs
  Blork the orc (D:6)
  11 killer bees
  A scorpion (D:8)
  4 crimson imps
  A giant frog skeleton (D:13)
  A giant frog zombie (D:6)
  4 iguanas
  3 orc priests
  2 hounds
  5 centaur zombies (Ossuary)
  A centaur skeleton (D:9)
  A gnoll shaman (D:7)
  6 orc wizards
  7 worker ants
  A killer bee zombie (D:7)
  2 big kobold zombies (Ossuary)
  4 mummies (Ossuary)
  7 adders
  9 gnolls
  4 river rats (D:8)
  2 shadow imps
  7 oozes
  3 adder skeletons
  An adder zombie (D:7)
  4 worms
  28 orcs
  2 ball pythons
  15 bats
  15 giant cockroaches
  10 hobgoblins
  2 kobolds (D:1)
  A quokka (D:10)
  7 giant geckos
  8 giant newts
  14 goblins
  3 hobgoblin zombies (Ossuary)
  21 jackals
  A jackal skeleton (D:4)
  24 rats
  A plant (D:8)
288 creatures vanquished.

Vanquished Creatures (others)
  An unseen horror (D:13)
  5 orcs (D:8)
  A quokka (D:7)
  4 fungi (D:8)
  3 plants (D:15)
14 creatures vanquished.

Grand Total: 302 creatures vanquished

Notes
Turn   | Place    | Note
--------------------------------------------------------------
     0 | D:1      | Ladykiller69 the Formicid Fighter began the quest for the Orb.
     0 | D:1      | Reached XP level 1. HP: 18/18 MP: 1/1
     2 | D:1      | Found a runed door.
    23 | D:1      | Reached XP level 2. HP: 18/24 MP: 2/2
   312 | D:1      | Reached XP level 3. HP: 29/29 MP: 3/3
   631 | D:1      | Reached skill level 4 in Armour
   932 | D:1      | Reached XP level 4. HP: 35/35 MP: 4/4
  1110 | D:2      | Reached XP level 5. HP: 42/42 MP: 5/5
  1724 | D:2      | Found a deep blue altar of Sif Muna.
  2020 | D:3      | Reached XP level 6. HP: 32/48 MP: 6/6
  2545 | D:4      | Noticed Goblin1989's ghost (amateur DsMo)
  2964 | D:4      | Found a staircase to the Ecumenical Temple.
  3037 | Temple   | Entered the Ecumenical Temple
  3074 | Temple   | Became a worshipper of Cheibriados the Contemplative
  3173 | D:5      | Entered Level 5 of the Dungeon
  3173 | D:5      | Found a shattered altar of Ashenzari.
  3253 | D:5      | Noticed Prince Ribbit
  3363 | D:5      | Found a shimmering altar of Xom.
  3435 | D:5      | You fall through a shaft for 3 floors!
  3441 | D:8      | Reached XP level 7. HP: 23/55 MP: 7/7
  3632 | D:8      | Found a sand-covered staircase.
  3635 | Ossuary  | Entered an ossuary
  3652 | Ossuary  | Reached skill level 5 in Axes
  3661 | Ossuary  | Reached skill level 5 in Shields
  3808 | Ossuary  | Reached skill level 5 in Fighting
  4106 | D:7      | Reached skill level 6 in Axes
  4106 | D:7      | Reached XP level 8. HP: 31/63 MP: 8/8
  4115 | D:7      | Reached * piety under Cheibriados
  4424 | D:7      | Found a bloodstained altar of Trog.
  4704 | D:5      | Found a burning altar of Makhleb.
  4708 | D:5      | Found a glowing silver altar of Zin.
  4709 | D:5      | Noticed a cacodemon
  4709 | D:5      | Noticed an angel
  5002 | D:5      | Found a deep blue altar of Sif Muna.
  5231 | D:5      | Found a stormy altar of Qazlal.
  5235 | D:5      | Found a shadowy altar of Dithmenos.
  5235 | D:5      | Found an ancient bone altar of Kikubaaqudgha.
  5252 | D:5      | Found a glowing golden altar of the Shining One.
  5256 | D:5      | Found an opulent altar of Gozag.
  5482 | D:6      | Reached skill level 7 in Axes
  5535 | D:6      | Reached ** piety under Cheibriados
  5598 | D:6      | Noticed Blork the orc
  5621 | D:6      | Killed Blork the orc
  5830 | D:6      | Reached XP level 9. HP: 67/71 MP: 9/9
  6296 | D:7      | Found a white marble altar of Elyvilon.
  6346 | D:7      | Reached skill level 8 in Axes
  6742 | D:7      | Reached *** piety under Cheibriados
  6823 | D:7      | Noticed a hippogriff
  6834 | D:7      | Killed a hippogriff
  7025 | D:7      | Found a radiant altar of Vehumet.
  7180 | D:7      | Reached skill level 9 in Axes
  7388 | D:8      | Reached XP level 10. HP: 80/80 MP: 10/10
  7393 | D:8      | Noticed a yak
  7395 | D:8      | Reached **** piety under Cheibriados
  7400 | D:8      | Noticed Joseph
  7415 | D:8      | Killed a yak
  7427 | D:8      | Killed Joseph
  7444 | D:8      | Noticed a slave
  7445 | D:8      | Noticed Pikel
  7465 | D:8      | Killed Pikel
  7465 | D:8      | Reached skill level 10 in Axes
  7466 | D:8      | Noticed a freed slave
  7466 | D:8      | Noticed a freed slave
  7468 | D:8      | Noticed a freed slave
  7510 | D:8      | Found a staircase to the Lair.
  7510 | D:8      | Noticed a deep elf fighter
  7520 | D:8      | Killed a deep elf fighter
  7536 | D:8      | Noticed Psyche
  7559 | D:8      | Killed Psyche
  7675 | D:8      | Noticed Maurice
  7932 | D:8      | Killed Maurice
  8014 | D:8      | Noticed an ice beast
  8022 | D:8      | Killed an ice beast
  8028 | D:8      | Reached skill level 11 in Axes
  8128 | D:8      | Found Hojunel's Book Emporium.
  8414 | D:9      | Reached ***** piety under Cheibriados
  8465 | D:9      | Reached XP level 11. HP: 89/89 MP: 11/11
  8880 | D:10     | Entered Level 10 of the Dungeon
  8921 | D:10     | Noticed a hill giant
  8931 | D:10     | Killed a hill giant
  8931 | D:10     | Reached skill level 12 in Axes
  9078 | D:10     | Noticed Sonja
  9161 | D:10     | You fall through a shaft for 2 floors!
 10057 | D:11     | Noticed a cyclops
 10072 | D:11     | You fall through a shaft for 3 floors!
 10517 | D:13     | Reached skill level 13 in Axes
 10854 | D:13     | Noticed an unseen horror
 10861 | D:13     | Noticed a cyclops
 10861 | D:13     | Killed an unseen horror
 10864 | D:13     | You fall through a shaft for 2 floors!
 10864 | D:15     | Entered Level 15 of the Dungeon
 11284 | D:13     | Noticed a cyclops
 11342 | D:14     | Noticed a seven-headed hydra
 11346 | D:14     | You fall through a shaft!
 11346 | D:15     | Noticed a hill giant
 11348 | D:15     | Identified a scroll of acquirement
 11365 | D:15     | HP: 2/89 [hill giant/giant club (19)]
 11371 | D:15     | Killed a hill giant
 11371 | D:15     | Killed from afar by a hill giant

Action                   |  1- 3 |  4- 6 |  7- 9 | 10-12 || total
-------------------------+-------+-------+-------+-------++-------
Melee: War axe           |    96 |   250 |   447 |   413 ||  1206
Throw: Tomahawk          |       |       |       |     3 ||     3
Invok: Bend Time         |       |       |       |     4 ||     4
 Abil: Dig               |     4 |       |     6 |    19 ||    29
       Shaft Self        |       |     1 |       |     4 ||     5
  Use: Potion            |       |       |     3 |     4 ||     7
       Scroll            |       |       |       |     7 ||     7
 Stab: Invisible         |       |       |     1 |       ||     1
  Eat: Chunk             |     1 |     5 |     9 |     7 ||    22
       Pizza             |       |     1 |       |     1 ||     2
       Royal jelly       |       |     1 |       |       ||     1
       Fruit             |       |       |       |     1 ||     1
